 Dungeon Crawl Stone Soup version 0.31-a0-986-g5e6e4ef867 (webtiles) character file.

Game seed: 16294866659268950568

332 croobank the Conjurer (level 6, -2/47 HPs)
             Began as a Demigod Conjurer on Nov 11, 2023.
             Slain by a black bear (5 damage)
             ... on level 5 of the Dungeon.
             The game lasted 00:12:36 (4781 turns).

croobank the Conjurer (Demigod Conjurer)            Turns: 4781, Time: 00:12:37

Health: -2/47      AC:  4    Str:  8    XL:     6   Next: 5%
Magic:  8/13       EV: 12    Int: 28    God:
Gold:   232        SH:  0    Dex: 12    Spells: 2/10 levels left

rFire   . . .        l - +3 whip (venom)
rCold   . . .        (no shield)
rNeg    . . .        h - +0 robe
rPois   .            g - +1 helmet
rElec   .            (no cloak)
rCorr   .            (no gloves)
SInv    .            (no boots)
Will    .....        (no amulet)
Stlth   ++           (no ring)
HPRegen 0.27/turn    (no ring)
MPRegen 0.13/turn

%: no passive effects
@: wereblooded, hasted, very quick
A: high MP 1, forlorn, divine attributes
a: no special abilities


You were on level 5 of the Dungeon.
You visited 1 branch of the dungeon, and saw 5 of its levels.

You collected 232 gold pieces.

Inventory:

Hand Weapons
 a - a +0 dagger
 e - a +1 mace of holy wrath
 l - a +3 whip of venom (weapon)
Missiles
 p - a throwing net
Armour
 g - a +1 helmet (worn)
 h - a +0 robe (worn)
 t - a +0 leather armour
Magical Staves
 j - a staff of air
Talismans
 c - a serpent talisman
 w - a maw talisman
Wands
 o - a wand of charming (9)
 r - a wand of polymorph (14)
Scrolls
 b - a scroll of identify
 i - 2 scrolls of teleportation
 m - a scroll of immolation
 v - a scroll of noise {unknown}
 x - a scroll of silence
Potions
 d - a potion of resistance
 f - 2 potions of curing
 k - 2 potions of enlightenment
 n - 2 potions of invisibility
 q - a potion of heal wounds {unknown}
 u - a potion of lignification


   Skills:
 * Level 1.3 Fighting
 + Level 3.0 Dodging
 + Level 3.2 Stealth
 + Level 2.8 Spellcasting
 + Level 4.4 Conjurations
 + Level 1.5 Hexes
 + Level 1.0 Transmutations


You had 2 spell levels left.
You knew the following spells:

 Your Spells              Type           Power      Damage    Failure   Level
a - Magic Dart            Conj           100%       1d8       1%          1
b - Searing Ray           Conj           56%        2d6       1%          2
c - Dazzling Flash        Conj/Hex       40%        N/A       8%          3
d - Wereblood             Tmut           9%         N/A       9%          2

Your spell library contained the following spells:

 Spells                   Type           Power      Damage    Failure   Level
 Sublimation of Blood     Necr           4%         N/A       13%         2
 Fulminant Prism          Conj/Hex       10%        3d9       24%         4
 Brom's Barrelling Bould  Conj/Erth      16%        2d4       32%         4
 Iskenderun's Mystic Bla  Conj/Tloc      16%        2d5       32%         4
 Iskenderun's Battlesphe  Conj           28%        2d8       36%         5
 Fireball                 Conj/Fire      8%         3d6       67%         5
 Conjure Ball Lightning   Conj/Air       8%         3x3d6     99%         6
 Orb of Destruction       Conj           14%        9d7       100%        7
 Summon Hydra             Summ           2%         N/A       100%        7


Dungeon Overview and Level Annotations

Branches:
Dungeon (5/15)
 Temple: D:4-7


Innate Abilities, Weirdness & Mutations

You have an increased reservoir of magic. (+10% MP)
You shall have no god before yourself.
Your divine heritage dramatically boosts your attributes as you level up.


Message History

The black bear is lightly wounded.
The black bear misses you.
The black bear claws you but does no damage.
The black bear claws you.
You barely miss the black bear.
The black bear is lightly wounded.
The black bear bites you! The black bear claws you.
The black bear closely misses you.
You hit the black bear but do no damage.
The black bear is poisoned.
The black bear is lightly wounded.
The black bear barely misses you.
The black bear claws you but does no damage.
The black bear claws you. The black bear barely misses you.
The black bear claws you.
The black bear claws you but does no damage.
You are too injured to fight recklessly!
You are too injured to fight recklessly!
Casting: Wereblood (safe; 9% risk of failure)
Confirm with . or Enter, or press ? or * to list all spells.
Aiming: Searing Ray (safe; 1% risk of failure)
Press: ? - help, Shift-Dir - straight line, f - black bear
Aim: a black bear (moderately wounded, very poisoned, 85% to hit)
The searing ray hits the black bear.
The black bear is moderately wounded. (Press . to maintain the ray.)
The black bear bites you. The black bear completely misses you.
The black bear claws you.
The searing ray misses the black bear.
The black bear completely misses you. The black bear claws you. x2
* * * LOW HITPOINT WARNING * * *
The searing ray hits the black bear.
The black bear is heavily wounded.
The black bear bites you!
* * * LOW HITPOINT WARNING * * *
The black bear completely misses you. The black bear claws you.
* * * LOW HITPOINT WARNING * * *
Okay, then.
You feel yourself speed up. The black bear bites you.
You die...

#####
########...#
#...h@.>.#.#
#.######...#
##.## #.#
#####
#.###...#
#.....#.#
#####...#
########.##
#...†....#


You could see a black bear (poisoned).

Vanquished Creatures
  A scorpion (D:4)
  A jelly (D:4)
  A hound (D:5)
  An iguana (D:4)
  An orc wizard (D:3)
  4 adders
  2 worms
  3 dart slugs
  6 orcs
  9 ball pythons
  8 endoplasms
  4 giant cockroaches
  7 goblins
  7 hobgoblins
  A jackal (D:3)
  7 quokkas
  6 bats
  5 frilled lizards
  10 kobolds
  10 rats
94 creatures vanquished.

Notes
Turn   | Place    | Note
-------+----------+-------------------------------------------
     0 | D:1      | croobank the Demigod Conjurer began the quest for the Orb.
     0 | D:1      | Reached XP level 1. HP: 14/14 MP: 5/5
   255 | D:1      | Reached XP level 2. HP: 20/20 MP: 4/7
   265 | D:1      | Learned a level 2 spell: Searing Ray
   887 | D:1      | Reached XP level 3. HP: 26/26 MP: 3/8
  1672 | D:2      | Learned a level 3 spell: Dazzling Flash
  1704 | D:2      | Reached skill level 4 in Conjurations
  2398 | D:3      | Reached XP level 4. HP: 23/33 MP: 10/10
  2907 | D:3      | Reached skill level 1 in Hexes
  3566 | D:3      | Learned a level 2 spell: Wereblood
  3914 | D:4      | Reached XP level 5. HP: 35/38 MP: 6/11
  4204 | D:4      | Reached skill level 1 in Fighting
  4731 | D:5      | Entered Level 5 of the Dungeon
  4749 | D:5      | Reached skill level 1 in Transmutations
  4749 | D:5      | Reached XP level 6. HP: 46/47 MP: 13/13
  4781 | D:5      | Slain by a black bear

Illustrated notes

Levels and vault maps discovered:
D:1:      dpeg_arrival_rooms_with_view, layout_basic,
          shapermc_ecumenical_altar_ellora, hangedman_decor_diamond_cutter
D:2:      minmay_alternating_diamond, layout_basic, basic_altar,
          minmay_stone_trees_medium
D:3:      minmay_razor_zed, layout_basic
D:4:      layout_gridville
D:5:      layout_loops_ring, hangedman_minor_gate_pass, uniq_blork_the_orc

Skill      XL: |  1  2  3  4  5 |
---------------+----------------+-----
Stealth        | 2 3 |  3.2
Dodging        | 2 3 |  3.0
Spellcasting   | 2 |  2.8
Conjurations   | 4 |  4.4
Hexes          | 1 |  1.5
Fighting       | 1 |  1.3
Transmutations | 1 |  1.0

Action                     |  1- 3 |  4- 6 || total
---------------------------+-------+-------++-------
  Melee: Club              |     2 |       ||     2
         Dagger            |    15 |       ||    15
         Whip              |    42 |    77 ||   119
         Punch             |     2 |     2 ||     4
   Cast: Magic Dart        |    51 |    17 ||    68
         Searing Ray       |    17 |    15 ||    32
         Wereblood         |       |     9 ||     9
         Dazzling Flash    |       |     1 ||     1
  Evoke: Wand              |       |     1 ||     1
    Use: Potion            |     3 |     1 ||     4
         Scroll            |       |    12 ||    12
   Stab: Sleeping          |       |     5 ||     5
 Armour: Robe              |    51 |    68 ||   119
  Dodge: Dodged            |    68 |    59 ||   127

Table legend: (Time is in decaauts)
 A = Elapsed time spent in this place.
 B = Non-inter-level travel time spent in this place.
 C = Inter-level travel time spent in this place.
 D = Time resting spent in this place.
 E = Time spent auto-exploring this place.
 F = Levels seen in this place.
 G = Mean time per level.
                   A        B        C        D        E       F      G
               +--------+--------+--------+--------+--------+-----+--------+
         Total |   4791 |   4637 |    154 |   1076 |   2726 |   5 |  958.2 |
       Dungeon |   4791 |   4637 |    154 |   1076 |   2726 |   5 |  958.2 |
               +--------+--------+--------+--------+--------+-----+--------+

Top non-repeatable levels by time:
     D:3: 1586 daAuts
     D:1: 1365 daAuts
     D:4: 949 daAuts
     D:2: 838 daAuts
     D:5: 50 daAuts
